[Event "*** Titled Tuesday Blitz"]
[Site "Chess.com"]
[Date "2019.08.06"]
[Round "10"]
[White "Everyfishknows"]
[Black "Kubas1010"]
[Result "0-1"]
[WhiteElo "2405"]
[BlackElo "2566"]
[TimeControl "180+2"]
[EndTime "15:23:49 PDT"]
[Termination "Kubas1010 won by resignation"]

1. Nf3 Nf6 2. c4 g6 3. Nc3 Bg7 4. e4 d6 5. d4 O-O 6. Be2 Nbd7 7. O-O e5 8. Be3 c6 9. h3 exd4 10. Nxd4 Re8 11. Qc2 Nc5 12. Bf3 a5 13. Rad1 Nfd7 14. Nb3 Qe7 15. g3 Ne5 16. Bg2 Nxc4 17. Bf4 Ne5 18. Nxc5 dxc5 19. b3 Be6 20. Na4 c4 21. Be3 cxb3 22. axb3 Qb4 23. Nc5 a4 24. bxa4 Bc4 25.
Rb1 Qa3 26. Rfd1 Ra5 27. Nxb7 Rxa4 28. Nd6 Rea8 29. Nxc4 Rxc4 30. Qb3 Rc3 31. Qxa3 Rcxa3 32. Rbc1 h5 33. Bd4 Nd3 34. Rc4 Bxd4 35. Rxd4 Ne5 36.
Rd8+ Rxd8 37. Rxd8+ Kg7 38. Rc8 Rc3 39. Kf1 Rc2 40.
Rd8 Kf6 41. f4 Nc4 42. e5+ Ke7 43. Rd4 Ne3+ 44. Kg1 Rxg2+ 45. Kh1 Rxg3 46. Kh2 Rg2+ 47. Kh1 Rf2 48. Rd6 c5 49. Rc6 c4 50. Kg1 Rxf4 51. Rc7+ Ke6 0-1

[Event "*** Titled Tuesday Blitz"]
[Site "Chess.com"]
[Date "2019.08.06"]
[Round "10"]
[White "marianokar"]
[Black "vova-79"]
[Result "1-0"]
[WhiteElo "2448"]
[BlackElo "2447"]
[TimeControl "180+2"]
[EndTime "15:23:55 PDT"]
[Termination "marianokar won on time"]

1. d4 d5 2. c4 c6 3. Nf3 Nf6 4. e3 e6 5. Nbd2 Nbd7 6. Bd3 Be7 7. O-O O-O 8. b3 b6 9. Bb2 Bb7 10. Qe2 c5 11. Rad1 Qc7 12. e4 dxe4 13. Nxe4 Rad8 14.
Ng3 Rfe8 15. Bb1 Nf8 16. Ne5 Ng6 17. Rfe1 cxd4 18. Bxd4 Bb4 19. Bxg6 hxg6 20. Rf1 Ba8 21. Kh1 Rd6 22. Nf3 Qc6 23. Bxf6 gxf6 24. Rxd6 Bxd6 25.
Rd1 Be7 26. Nf1 Rd8 27. Rxd8+ Bxd8 28. Qd3 Be7 29. Ne3 Qc5 30. Nd2 Qe5 31. Kg1 Kg7 32.
Qd7 Bb4 33. Ndf1 a5 34. Qa7 Be4 35. Qxb6 Qa1 36. c5 Qxa2 37. c6 Be1 38. Ng4 Bf5 39. Nxf6 Kxf6 40. Qd4+ 1-0

[Event "*** Titled Tuesday Blitz"]
[Site "Chess.com"]
[Date "2019.08.06"]
[Round "10"]
[White "ElHelvetico"]
[Black "Slovak_fighter2000"]
[Result "1/2-1/2"]
[WhiteElo "2694"]
[BlackElo "2491"]
[TimeControl "180+2"]
[EndTime "15:23:56 PDT"]
[Termination "Game drawn by agreement"]

1. e4 e6 2. d4 d5 3. Nc3 Nf6 4. Bg5 Be7 5. e5 Nfd7 6. h4 h6 7. Bxe7 Qxe7 8. f4 O-O 9. Nf3 c5 10. Nb5 Nc6 11. Nd6 f6 12. c3 fxe5 13. fxe5 cxd4 14. cxd4 Ndxe5 15. dxe5 Nxe5 16. Nxe5 Qxd6 17. Qd4 Rf5 18. Nf3 Rf4 19. Qd2 Re4+ 20. Be2 Qg3+ 21. Kf1 Bd7 22. Rh3 Qd6 23. Bd3 Rf4 24. Kg1 e5 25.
Nxe5 Qxe5 26. Re1 Qf6 27. Rhe3 Rxh4 28. Re7 Bc6 29. R1e6 Qd4+ 30. Qe3 Qxe3+ 31. Rxe3 Rf4 32. b4 a6 33. a4 Rf7 34. b5 axb5 35. axb5 Ra1+ 36.
Kh2 Bd7 37. Bg6 Rf6 38. Rxd7 Rxg6 39. Rxb7 Rb1 40. Re2 Kh7 41. Rd2 Rg5 42. b6 Rg6 43.
Rb8 Rgxb6 44. Rxb6 Rxb6 45. Rxd5 Kg6 46. g4 Rb3 47.
Kg2 Kf6 48. Rf5+ Ke6 49. Ra5 Kf6 50. Rf5+ Kg6 51. Ra5 Rb6 52. Kg3 Kf7 53. Kf4 Rf6+ 54. Kg3 Kg6 55. Rb5 Kh7 56. Ra5 Rg6 57. Kh4 Rb6 58. Kg3 g5 59. Ra3 Kg6 60. Rc3 h5 61.
gxh5+ Kxh5 62. Rc4 Rb3+ 63. Kg2 g4 64. Rc8 Kg5 65.
Rg8+ 1/2-1/2

[Event "*** Titled Tuesday Blitz"]
[Site "Chess.com"]
[Date "2019.08.06"]
[Round "10"]
[White "tteshan"]
[Black "XiaoKangZhong"]
[Result "1/2-1/2"]
[WhiteElo "2168"]
[BlackElo "2325"]
[TimeControl "180+2"]
[EndTime "15:24:00 PDT"]
[Termination "Game drawn - insufficient material"]

1. d4 Nf6 2. c4 g6 3. Nc3 d5 4.
cxd5 Nxd5 5. Nxd5 Qxd5 6. Nf3 Bg7 7. e3 O-O 8. Be2 Bg4 9. O-O c5 10. dxc5 Qxc5 11. h3 Bf5 12. Qb3 Qc7 13. Bd2 Nc6 14.
Rac1 Rfd8 15. Bc3 Be6 16. Qa3 Rac8 17. Bxg7 Kxg7 18. Bb5 Qb6 19. Bxc6 Rxc6 20. Rxc6 bxc6 21. Qxe7 Rd7 22. Qa3 Rb7 23. Qc3+ f6 24. b3 Bd5 25. Nd4 Re7 26. Rc1 a5 27. Ne2 Rc7 28. Nf4 Bf7 29.
e4 c5 30. e5 Qc6 31. Qe3 fxe5 32. Qxe5+ Kg8 33. Rd1 Rc8 34. Nd3 Qc7 35. Qe4 Rd8 36.
Qe2 c4 37. bxc4 Bxc4 38. Qc2 Qf7 39. Nb2 Rxd1+ 40. Qxd1 Bxa2 41. Qd8+ Kg7 42. Qxa5 Bd5 43. Qc3+ Kg8 44. Nd3 Qb7 45. Nf4 Qb1+ 46. Kh2 Qb8 47.
Qg3 Bf7 48. Nd3 Qxg3+ 49. Kxg3 Kg7 50. Nf4 Kf6 51. h4 h6 52. Kf3 g5 53. hxg5+ hxg5 54. Nd3 Kf5 55. g4+ Kf6 56. Kg3 Be6 57. f4 gxf4+ 58.
Nxf4 Bxg4 1/2-1/2

[Event "*** Titled Tuesday Blitz"]
[Site "Chess.com"]
[Date "2019.08.06"]
[Round "10"]
[White "oezs95"]
[Black "Zq1"]
[Result "0-1"]
[WhiteElo "2375"]
[BlackElo "2551"]
[TimeControl "180+2"]
[EndTime "15:24:01 PDT"]
[Termination "Zq1 won by resignation"]

1. e4 c5 2. Nf3 d6 3. d4 cxd4 4. Nxd4 Nf6 5. Nc3 Nc6 6. Bg5 g6 7. Bxf6 exf6 8. Bc4 Bg7 9. O-O O-O 10. Ndb5 f5 11.
exf5 Bxf5 12. Nxd6 Bxc2 13. Nxf7 Qxd1 14. Ng5+ Kh8 15.
Nxd1 Ne5 16. Bb3 Bxb3 17. axb3 Nd3 18. Ne6 Rf6 19. Nxg7 Kxg7 20. Ne3 Rb6 21. Rfd1 Rxb3 22. Rd2 a5 23. Rad1 Nc5 24. Nc4 a4 25. Rd5 Rc8 26.
h4 b5 27. Nd6 Rc6 28. Ne8+ Kh6 29. g4 Rb4 30. f3 Ne6 31. Nf6 Kg7 32. g5 Nf8 33. Ne8+ Kf7 34. Nd6+ Ke6 35. Nxb5 Rxb2 36. Na3 Rc3 37. Nb5 Rcc2 38. Nd4+ Kxd5 39. Nxc2+ Kc4 40. Ne3+ Kb3 41. Rd3+ Kb4 42. Nd5+ Kc4 43. Rd1 a3 44. Ne3+ Kb3 45. Rd3+ Kb4 46. Nd1 Rb1 47. Kf2 a2 48. Ne3 Rb2+ 49. Kg3 a1=Q 50. Rd4+ Kc5 51. Rc4+ Kb5 0-1

[Event "*** Titled Tuesday Blitz"]
[Site "Chess.com"]
[Date "2019.08.06"]
[Round "10"]
[White "Aknok"]
[Black "PchelkinVK"]
[Result "0-1"]
[WhiteElo "2452"]
[BlackElo "2526"]
[TimeControl "180+2"]
[EndTime "15:24:08 PDT"]
[Termination "PchelkinVK won by resignation"]

1. d4 e5 2. dxe5 d6 3. Nf3 Nc6 4. Bf4 Bg4 5. exd6 Qf6 6. Qc1 Bxd6 7. Bxd6 Qxd6 8. Nc3 O-O-O 9. e3 Nf6 10. Be2 h5 11.
O-O Bxf3 12. Bxf3 Ng4 13. g3 Nce5 14. Bg2 h4 15. Rd1 Qh6 16. Rxd8+ Rxd8 17. e4 Rd2 18. f4 hxg3 19. Qxd2 Qxh2+ 20. Kf1 Nf3 21. Bxf3 Qxd2 22.
Bxg4+ Kb8 23. Ne2 Qe3 24. Nxg3 Qxg3 25. Be2 Qxf4+ 26. Ke1 Qxe4 27. Rd1 a6 28. Rd8+ Ka7 29. Kd2 g5 30. Bd3 Qf4+ 31. Kd1 g4 32. Rg8 g3 33. b3 f5 34. Rg7 Qf3+ 35. Kc1 g2 36. a4 g1=Q+ 37. Rxg1 Qe3+ 38. Kb2 Qxg1 39. Bxf5 Qd4+ 40.
Kb1 Qc3 41. Bd3 Kb6 42. Kc1 Kc5 43. Kd1 Kd4 44. Ke2 c6 45. Kf3 Qxd3+ 46. cxd3 Kxd3 47. a5 Kc3 48. Ke3 Kxb3 49. Kd4 Kb4 50. Kd3 Kxa5 0-1

[Event "*** Titled Tuesday Blitz"]
[Site "Chess.com"]
[Date "2019.08.06"]
[Round "10"]
[White "Heineccius"]
[Black "PIwan"]
[Result "1-0"]
[WhiteElo "2550"]
[BlackElo "2520"]
[TimeControl "180+2"]
[EndTime "15:24:09 PDT"]
[Termination "Heineccius won by resignation"]

1. d4 d5 2. c4 dxc4 3. e3 e5 4. Nf3 exd4 5. exd4 Nf6 6. Bxc4 Bd6 7. h3 O-O 8. O-O Nc6 9. Nc3 h6 10. a3 Bf5 11. Re1 Qd7 12. Ne5 Bxe5 13. dxe5 Qxd1 14. Nxd1 Ne4 15. Ne3 Bg6 16. Nd5 Rac8 17. f3 Nc5 18. b4 Nd3 19. Bxd3 Bxd3 20. Bb2 Rfe8 21. Rac1 a6 22. Kf2 Bf5 23. g4 Be6 24. Nf4 Rcd8 25. Nxe6 fxe6 26. Rcd1 Ne7 27. f4 Nd5 28. Kg3 c6 29.
Bd4 Rf8 30. Bc5 Rf7 31. Re4 Re8 32. Rf1 b6 33. Bd6 Rc8 34. f5 c5 35. bxc5 bxc5 36. Rf3 c4 37. fxe6 Rxf3+ 38. Kxf3 c3 39. Re1 c2 40.
Rc1 Rc3+ 41. Ke4 Nb6 42. e7 Kf7 43. Rf1+ Rf3 44. Rxf3+ 1-0

[Event "*** Titled Tuesday Blitz"]
[Site "Chess.com"]
[Date "2019.08.06"]
[Round "10"]
[White "LuisFSiles"]
[Black "JSMastropiero"]
[Result "0-1"]
[WhiteElo "2181"]
[BlackElo "2303"]
[TimeControl "180+2"]
[EndTime "15:24:10 PDT"]
[Termination "JSMastropiero won by resignation"]

1. e4 e6 2. d4 d5 3. Nd2 a6 4.
Ngf3 c5 5. exd5 exd5 6. c3 Nf6 7.
Bd3 Be7 8. O-O O-O 9. dxc5 Bxc5 10. Nb3 Ba7 11. Re1 Nc6 12. Be3 Bb8 13. Nbd4 Bg4 14. h3 Nxd4 15. Bxd4 Bh5 16. Be5 Ba7 17. g4 Bg6 18.
Bxg6 hxg6 19. Nd4 Ne4 20. f3 Nc5 21. Kg2 Qd7 22. Qd2 Rfe8 23. Bg3 Rad8 24. Rad1 Qa4 25. b3 Qd7 26. h4 Ne6 27. Nxe6 Rxe6 28. Rxe6 Qxe6 29.
Re1 Qc6 30. Qd3 d4 31. c4 Bc5 32. Bf2 a5 33. Re4 Qb6 34. Bg3 a4 35. Re5 Bd6 36.
Rd5 Bxg3 37. Rxd8+ Qxd8 38. Kxg3 Qd6+ 39. f4 a3 40. Kf3 Qe7 41. Qe4 Qxh4 42. Qxd4 Qh3+ 43. Ke4 Qxg4 44. Qd8+ Kh7 45. Qa8 Qf5+ 46. Kf3 Qd3+ 47. Kf2 Qd2+ 48. Kf3 Qc2 49. Qxb7 Qd3+ 50. Kf2 Qc2+ 51.
Kf3 Qxa2 52. Ke3 Qh2 53. Qa7 Qg1+ 0-1

[Event "*** Titled Tuesday Blitz"]
[Site "Chess.com"]
[Date "2019.08.06"]
[Round "10"]
[White "SergeiAza"]
[Black "leclash"]
[Result "0-1"]
[WhiteElo "2758"]
[BlackElo "2230"]
[TimeControl "180+2"]
[EndTime "15:24:11 PDT"]
[Termination "leclash won by resignation"]

1. d4 d5 2. c4 e6 3. Nf3 c6 4. Nbd2 Nf6 5. g3 Nbd7 6. Bg2 Bd6 7. O-O O-O 8. Qc2 Re8 9. e4 dxe4 10.
Nxe4 Nxe4 11. Qxe4 e5 12. Rd1 Qe7 13. Bg5 f6 14.
Be3 exd4 15. Qxe7 Bxe7 16. Nxd4 Ne5 17. b3 Ng4 18. Bf4 Bc5 19. Rd2 Ne5 20. h3 Bxh3 21. Rad1 Bxg2 22. Kxg2 Rad8 23. Nf3 Rxd2 24. Rxd2 Nxf3 25.
Kxf3 Kf7 26. Rd7+ Re7 27. Rd8 g5 28. Bd6 Bxd6 29. Rxd6 Kg6 30. b4 h5 31. a4 g4+ 32. Kg2 Re4 33. Rd7 b6 34. Rxa7 Rxc4 35. b5 cxb5 36. axb5 Rc5 37. Rb7 Rxb5 38. Rb8 Rb1 39. Rb7 b5 40. Rb6 b4 41. Rb5 b3 42.
Rb6 Kf5 43. Rb5+ Ke4 44. Rxh5 f5 45. Rh8 Kd3 46. Rf8 Ra1 47. Rxf5 Ra4 48. Rd5+ Kc2 49. Rc5+ Kd2 50. Rb5 Kc3 51. f3 Ra2+ 0-1

[Event "*** Titled Tuesday Blitz"]
[Site "Chess.com"]
[Date "2019.08.06"]
[Round "10"]
[White "nitpicker"]
[Black "Sveta10"]
[Result "1-0"]
[WhiteElo "2231"]
[BlackElo "2049"]
[TimeControl "180+2"]
[EndTime "15:24:11 PDT"]
[Termination "nitpicker won by resignation"]

1. d4 Nf6 2. c4 g6 3. Nc3 Bg7 4.
e4 d6 5. Be2 O-O 6. Bg5 h6 7. Be3 e5 8. d5 Nbd7 9. Qd2 Kh7 10. f3 a6 11. Bd1 Rb8 12. b4 Nh5 13. Nge2 f5 14. exf5 gxf5 15. Bc2 Qh4+ 16. Bf2 Qxc4 17.
g4 Nf4 18. Bxf5+ Rxf5 19. gxf5 Nd3+ 20. Kf1 Nf6 21. a3 Bxf5 22. Kg2 Nh5 23. Rhf1 Bf6 24.
Kh1 Rg8 25. Ng3 Nxg3+ 26. hxg3 Bh3 27. Ne4 Bg5 28. Nxg5+ hxg5 29. Rfd1 Nxf2+ 30. Qxf2 Kg6 31. Rac1 Qb3 32. Qc2+ Qxc2 33. Rxc2 Bf5 34. Rxc7 e4 35. Kg2 exf3+ 36. Kxf3 Rf8 37. Ke3 Bg4 38. Rg1 Rf3+ 39. Kd4 Bf5 40. Rxb7 Rd3+ 41. Kc4 Rd2 42. Rb6 Kf6 43. Rxd6+ Ke5 44. Rxa6 Rc2+ 45. Kb3 Rd2 46. Re1+ Kd4 47. b5 Bc2+ 48. Kb4 Bd3 49. d6 Rb2+ 50.
Ka5 Rxb5+ 51. Ka4 Rb2 52. Rd1 Kc3 53. Rxd3+ Kxd3 54. d7 Rb8 55. Rd6+ Ke4 56. d8=Q 1-0

[Event "*** Titled Tuesday Blitz"]
[Site "Chess.com"]
[Date "2019.08.06"]
[Round "10"]
[White "WPWPWP-2015"]
[Black "vladimirdamjanovic"]
[Result "1-0"]
[WhiteElo "2446"]
[BlackElo "2605"]
[TimeControl "180+2"]
[EndTime "15:24:16 PDT"]
[Termination "WPWPWP-2015 won by resignation"]

1. e4 c6 2. d4 d5 3. Nc3 dxe4 4. Nxe4 Bf5 5. Ng3 Bg6 6. h4 h6 7. N1e2 e5 8. dxe5 Qxd1+ 9. Kxd1 Na6 10. c3 O-O-O+ 11.
Ke1 Nc5 12. Nf4 Bh7 13. Be3 Re8 14. Bc4 Rxe5 15. Bxf7 Nf6 16. Kf1 Nfe4 17. Nxe4 Bxe4 18. Ng6 Bxg6 19. Bxg6 Bd6 20. Bd4 Re7 21. Re1 Rxe1+ 22. Kxe1 Kc7 23. h5 Ne6 24. Be3 Rd8 25. Rh4 Bc5 26. Re4 Bxe3 27. fxe3 Nc5 28. Rg4 Rd7 29. Ke2 b5 30. b3 Re7 31. Bf5 a5 32. Rg6 b4 33.
cxb4 axb4 34. Rg4 Re5 35. Rxg7+ Kb6 36. g4 Na6 37. Rg6 Ra5 38. Bb1 Nc7 39. Rxh6 Nd5 40.
Kf3 Nc3 41. Be4 Rxa2 42. Rxc6+ Kb5 43. Rc8 Rh2 44. Rb8+ Kc5 45. Kg3 Re2 46. Bf3 Rxe3 47. h6 Re7 48. g5 Nb5 49. g6 Nd4 50. h7 Re3 51. Rf8 Ne6 52. Rf5+ Kd6 53. h8=Q 1-0

[Event "*** Titled Tuesday Blitz"]
[Site "Chess.com"]
[Date "2019.08.06"]
[Round "10"]
[White "M1711"]
[Black "FairChess_on_YouTube"]
[Result "0-1"]
[WhiteElo "2567"]
[BlackElo "3034"]
[TimeControl "180+2"]
[EndTime "15:24:17 PDT"]
[Termination "FairChess_on_YouTube won by resignation"]

1. d4 Nf6 2. Bg5 Ne4 3. Bf4 d5 4. e3 c5 5. Bd3 Nf6 6. c3 Nc6 7. Nd2 Bg4 8. Ngf3 a6 9. h3 Bh5 10. O-O e6 11. a4 Bd6 12. Bxd6 Qxd6 13. dxc5 Qxc5 14. e4 Ne5 15. Be2 Bxf3 16. Bxf3 O-O-O 17. Qe2 d4 18. Nb3 d3 19. Nxc5 dxe2 20. Bxe2 Rd2 21.
Rfe1 Rxb2 22. Rab1 Rxb1 23. Rxb1 Kc7 24. f4 Ned7 25. Nxd7 Nxd7 26. Kf2 Nc5 27. Rb4 a5 28. Rc4 b6 29. Ke3 Rd8 30. g4 f6 31. h4 e5 32. f5 Kd6 33. g5 fxg5 34. hxg5 Ke7 35.
Bf3 h6 36. gxh6 gxh6 37. Bh5 Kf6 38. Be2 Kg5 39. Kf3 Rd2 40. Ke3 Ra2 41. Bd1 h5 42. f6 Kxf6 43. Bxh5 Kg5 44. Be8 Kg4 45. Rxc5 bxc5 46.
Kd3 Kf4 47. Bc6 Ra3 48. Kc4 Ke3 49. Kd5 Rxc3 50. Kxe5 Rd3 51. Bb5 Rd4 52. Ke6 Kxe4 0-1

[Event "*** Titled Tuesday Blitz"]
[Site "Chess.com"]
[Date "2019.08.06"]
[Round "10"]
[White "tbalabayev"]
[Black "yoolund"]
[Result "0-1"]
[WhiteElo "2390"]
[BlackElo "2640"]
[TimeControl "180+2"]
[EndTime "15:24:18 PDT"]
[Termination "yoolund won by checkmate"]

1. Nf3 g6 2. g3 Bg7 3. Bg2 d6 4. O-O Nc6 5. e4 Nf6 6. Re1 O-O 7. d4 e5 8. d5 Ne7 9. c4 Nd7 10. Nc3 h6 11. Rb1 a5 12. a3 f5 13. b4 f4 14.
Nd2 g5 15. Nb3 axb4 16. axb4 Nf6 17. c5 Ng6 18. Qc2 h5 19. Nb5 Ne8 20. Bb2 h4 21.
Rbc1 Rf7 22. Ra1 Rb8 23. Na7 Bg4 24. f3 fxg3 25. fxg4 Rf2 26. Re2 h3 27. Bf1 gxh2+ 28. Kh1 Rf3 29. Rxh2 Qf6 30. Bxh3 Nf4 31. Bg2 Nxg2 32.
Kxg2 Qf4 33. Rg1 Nf6 34. Bc1 Rg3+ 35. Kh1 Qf3+ 36. Qg2 Rxg2 37. Rhxg2 Qh3+ 38. Rh2 Qf3+ 39. Rhg2 Qxb3 40. Bxg5 Qh3+ 41. Rh2 Qf3+ 42. Rhg2 Nxe4 43. Bh4 Bf6 44. g5 Kf7 45. Kh2 Rh8 46. Rg4 Qf2+ 47. R1g2 Rxh4+ 48. Rxh4 Qxh4+ 49. Kg1 Qe1+ 50. Kh2 Nxg5 51.
cxd6 Nf3+ 52. Kh3 Qh4# 0-1

[Event "*** Titled Tuesday Blitz"]
[Site "Chess.com"]
[Date "2019.08.06"]
[Round "10"]
[White "MFBerna"]
[Black "Orest_Vovk"]
[Result "1-0"]
[WhiteElo "2391"]
[BlackElo "2233"]
[TimeControl "180+2"]
[EndTime "15:24:19 PDT"]
[Termination "MFBerna won on time"]

1. e4 g5 2. d4 h6 3. c4 Bg7 4. Be3 c5 5. Nc3 cxd4 6. Bxd4 Bxd4 7. Qxd4 Nf6 8. Qd2 Nc6 9. Nf3 d6 10. Be2 Be6 11. Qe3 Qa5 12. O-O Qc5 13. Qxc5 dxc5 14. Nd5 O-O-O 15. Nd2 Nd4 16. Bd3 Bxd5 17. cxd5 e6 18.
f4 g4 19. d6 Rxd6 20. e5 Rdd8 21. exf6 Nc6 22. Ne4 Rxd3 23. Rad1 Rhd8 24. Rxd3 Rxd3 25. Nxc5 Rd2 26. f5 e5 27. Rf2 Rd1+ 28. Rf1 Rd5 29. Ne4 Rd4 30. Re1 Kc7 31. Kf2 Nb4 32. Kg3 Nd3 33. Re3 h5 34. Nc3 a6 35. Kh4 Nf4 36. Rxe5 Nxg2+ 37. Kxh5 Nf4+ 38. Kh6 Rd2 39. Re7+ Kc6 40. Kg5 Ng2 41. Rxf7 Ne3 42. Re7 Nxf5 43. Kxf5 Rxh2 44. Kxg4 Rxb2 45. f7 Rf2 46. Ne4 Rf1 47.
Ng3 Kd6 48. Rxb7 Rf6 49. Ne4+ 1-0

[Event "*** Titled Tuesday Blitz"]
[Site "Chess.com"]
[Date "2019.08.06"]
[Round "10"]
[White "twitchTriniCupid"]
[Black "medalja"]
[Result "1-0"]
[WhiteElo "2309"]
[BlackElo "2366"]
[TimeControl "180+2"]
[EndTime "15:24:24 PDT"]
[Termination "twitchTriniCupid won on time"]

1. d4 Nf6 2. Nf3 e6 3. g3 d5 4.
Bg2 c5 5. O-O Nc6 6. c4 cxd4 7.
cxd5 Nxd5 8. Nxd4 Nxd4 9. Qxd4 Nb6 10. Qxd8+ Kxd8 11. b3 e5 12. Bb2 f6 13. Nc3 h5 14. h4 Rb8 15. a4 Be6 16. a5 Nd7 17.
Nd5 Nc5 18. b4 Na6 19. b5 Nc5 20. Rfd1 Bd6 21. Nxf6 gxf6 22. Rxd6+ Ke7 23. Rad1 Bb3 24. R1d2 b6 25. Ba3 Rhc8 26. Bc6 Be6 27. Rd7+ Bxd7 28. Rxd7+ Ke6 29. Rxa7 Nb3 30. Bd7+ Kd5 31. Bxc8 Rxc8 32. axb6 Rb8 33. b7 Nd4 34. Bb2 Nxb5 35. Ra6 f5 36. Rf6 f4 37. Rf5 fxg3 38. Rxe5+ Kc4 39. fxg3 Rxb7 40. Rxh5 Nd6 41. Be5 Ne4 42. Kg2 Rb1 43.
Kf3 Nd2+ 44. Ke3 Nf1+ 45. Kf2 Nd2 46. Bf4 Ne4+ 47. Kf3 Nf6 48. Rh6 Nd5 49. e4 Nc3 50. Rd6 Rf1+ 51. Kg2 Rb1 52. e5 Ne4 53. Rd7 Rb2+ 54. Kf3 Nc5 55. Rd6 Rb3+ 56. Kg4 Rb8 57. h5 Rg8+ 58. Rg6 Re8 59. h6 Kd5 60. h7 Ne6 61. Rg8 1-0

[Event "*** Titled Tuesday Blitz"]
[Site "Chess.com"]
[Date "2019.08.06"]
[Round "10"]
[White "MFguimaraes"]
[Black "GrandGlacier"]
[Result "1-0"]
[WhiteElo "2290"]
[BlackElo "2427"]
[TimeControl "180+2"]
[EndTime "15:24:25 PDT"]
[Termination "MFguimaraes won on time"]

1. e4 e5 2. Nf3 Nc6 3. d4 exd4 4. Nxd4 Nf6 5. Nc3 Bb4 6. Nxc6 bxc6 7. Bg5 Qe7 8. Bd3 Qe5 9. Qd2 Nxe4 10. Bxe4 Bxc3 11. Qxc3 Qxe4+ 12. Be3 O-O 13. O-O c5 14. Bxc5 d6 15.
f3 Qg6 16. Bf2 Bb7 17. Qxc7 Bxf3 18. Bg3 Be4 19. Qxd6 Bxc2 20. Qxg6 hxg6 21. Rac1 Rac8 22. Bd6 Rfe8 23. Rfe1 Rxe1+ 24. Rxe1 f5 25. Re7 Be4 26. Be5 Rc1+ 27. Kf2 Rc2+ 28. Ke3 Rxg2 29. Rxg7+ Kf8 30. Rxa7 g5 31. b4 Bd5 32. a4 f4+ 33. Kd4 Rd2+ 34. Kc5 f3 35. Bg3 Be4 36. Ra6 Kf7 37. Rh6 Rg2 38. Rd6 f2 39. Bxf2 Rxf2 40. Rd4 Bf3 41. h3 Rh2 42. b5 Rxh3 43. b6 g4 44. b7 Rh8 45. a5 g3 46. Rf4+ Ke6 47. Rxf3 Kd7 48.
Rxg3 Kc7 49. Rg7+ Kb8 50. a6 Rh6 51. Rg8+ 1-0

[Event "*** Titled Tuesday Blitz"]
[Site "Chess.com"]
[Date "2019.08.06"]
[Round "10"]
[White "Alopekos"]
[Black "cukus"]
[Result "1-0"]
[WhiteElo "2482"]
[BlackElo "2410"]
[TimeControl "180+2"]
[EndTime "15:24:25 PDT"]
[Termination "Alopekos won by resignation"]

1. e4 e5 2. Nf3 Nf6 3. Nxe5 d6 4.
Nf3 Nxe4 5. Nc3 Nxc3 6. dxc3 Be7 7. Bf4 O-O 8. Qd2 Nd7 9. O-O-O Nc5 10. Nd4 Ne4 11.
Qe1 d5 12. f3 Nf6 13. g4 c5 14. Nb5 Bd7 15. Nc7 Re8 16. Nxe8 Bxe8 17. Bd3 Bf8 18. g5 Nh5 19. Qh4 g6 20. Be5 Qa5 21. Kb1 Bd7 22. Rhe1 Be6 23. Bf1 b5 24. Bh3 b4 25. Bxe6 fxe6 26.
cxb4 cxb4 27. Qg4 Qb6 28. Bd4 Qc6 29. Qxe6+ Qxe6 30. Rxe6 Kf7 31. Rc6 Re8 32. Rc7+ Kg8 33. Rxa7 Nf4 34. Rd7 Re2 35. h4 Rh2 36. Be5 Rxh4 37.
Bxf4 Rxf4 38. R7xd5 Rxf3 39. Rd8 h5 40. gxh6 Kh7 41. R8d3 Rf2 42. R3d2 Rf3 43. Rd3 Rf2 44. a4 bxa3 45. bxa3 Kxh6 46. a4 g5 47. a5 Rf5 48.
Rd5 Rf6 49. Rg1 Rg6 50. Rb5 Kh5 51. Rb6 Rg7 52. a6 Bc5 53. Rh1+ Kg4 54. Rb7 Rg6 55. a7 Ra6 56. Rhh7 Bd4 57. Kc1 Bc3 58. Kd1 Kf3 59. Rhf7+ Kg2 60. Ke2 g4 61. Rf2+ Kg3 62. Rb3 Rxa7 63. Rxc3+ Kh4 64. Rh2+ Kg5 65. Rc5+ Kf4 66.
Rf2+ Kg3 67. Rc3+ Kh4 68. Rg2 Rf7 69. Rc4 Re7+ 70. Kd3 Rd7+ 71. Rd4 Rg7 72. c4 Kh3 73. Rdxg4 Rxg4 74. Rxg4 Kxg4 75. Kd4 1-0

[Event "*** Titled Tuesday Blitz"]
[Site "Chess.com"]
[Date "2019.08.06"]
[Round "10"]
[White "I-Mesquita"]
[Black "BoboHead"]
[Result "1-0"]
[WhiteElo "2676"]
[BlackElo "2162"]
[TimeControl "180+2"]
[EndTime "15:24:27 PDT"]
[Termination "I-Mesquita won by resignation"]

1. e4 e5 2. Nf3 Nc6 3. Bb5 a6 4. Ba4 Nf6 5. O-O Bc5 6. Bxc6 dxc6 7. Nxe5 Nxe4 8. Qe2 Qd5 9. Nd3 O-O 10. Nxc5 Nxc5 11. d3 Bf5 12. Nc3 Qe6 13. Be3 Rfe8 14. Qf3 Nd7 15. Qg3 Qg6 16. Qxc7 Ne5 17. Kh1 Ng4 18. Rae1 Qh5 19. Qg3 Re6 20. Ne2 Nxe3 21. fxe3 Rg6 22. Qf4 Qg4 23. Ng3 Be6 24. Qxg4 Rxg4 25.
Rf4 Rg5 26. b3 Rd8 27. e4 g6 28. Kg1 h5 29. Kf2 Rc5 30. Re2 a5 31. Ke3 a4 32. Ref2 axb3 33. axb3 Ra8 34. b4 Rc3 35. Kd2 Rca3 36. Ne2 Ra1 37. Nd4 Ba2 38. b5 Rd8 39.
Ne2 cxb5 40. Rf6 Be6 41. Nf4 Ba2 42. Nh3 Rd7 43. Ng5 Rc7 44. Rb6 Bb1 45. Ke3 Rxc2 46.
Rxc2 Bxc2 47. Rxb5 Ra3 48. Rd5 Kg7 49. Rd7 Kf6 50.
h4 Kg7 51. Rxf7+ Kg8 52. Rd7 b5 53. e5 b4 54. e6 b3 55. Rd8+ Kg7 56. e7 b2 57. e8=Q Rxd3+ 58. Rxd3 Kf6 59. Qe6+ Kg7 60. Qf7+ 1-0

[Event "*** Titled Tuesday Blitz"]
[Site "Chess.com"]
[Date "2019.08.06"]
[Round "10"]
[White "Ceejay271"]
[Black "HrvojeZagreb"]
[Result "0-1"]
[WhiteElo "2260"]
[BlackElo "2108"]
[TimeControl "180+2"]
[EndTime "15:24:32 PDT"]
[Termination "HrvojeZagreb won by resignation"]

1. Nf3 d5 2. g3 Bg4 3. Bg2 c6 4. O-O Nd7 5. b3 Ngf6 6. Bb2 g6 7. d3 Bg7 8. Nbd2 O-O 9. h3 Bxf3 10. Nxf3 a5 11.
a3 h6 12. c4 Ne8 13. Bxg7 Nxg7 14. cxd5 cxd5 15. d4 e6 16. Qd3 Qb6 17. Rfc1 Rfc8 18. e3 Nf5 19. Bf1 Nd6 20. Nd2 Kg7 21. h4 Nf6 22. f3 Rxc1 23. Rxc1 Rc8 24. Rxc8 Nxc8 25. Qb5 Qc7 26. Qc5 Qxg3+ 27. Bg2 Qb8 28. e4 b6 29. Qc6 Ne7 30. Qc3 Qc8 31. Qxc8 Nxc8 32. Kf2 Ne7 33. Ke3 g5 34. hxg5 hxg5 35. Bf1 Nh5 36. Bb5 Nf4 37. Nb1 dxe4 38. fxe4 f5 39. Nc3 fxe4 40. Kxe4 Kf6 41. b4 axb4 42.
axb4 Nfd5 43. Na2 g4 44. Be2 g3 45. Kf3 Nf5 46. Bd3 Nxd4+ 47. Kxg3 Nc6 48. b5 Ncb4 49. Nxb4 Nxb4 50. Bc4 Ke5 51. Kf3 Nc2 52. Ke2 Na3 53. Bd3 Kd4 54. Kd2 Kc5 55. Ke3 Nxb5 56. Ke4 Nc7 57. Ke5 b5 58. Be2 b4 59. Bd3 b3 60. Bb1 Kb4 61. Kd6 Nb5+ 62. Kxe6 Na3 63. Bf5 Nc2 64. Ke5 Kc3 65. Kf4 b2 0-1

[Event "*** Titled Tuesday Blitz"]
[Site "Chess.com"]
[Date "2019.08.06"]
[Round "10"]
[White "aleccable"]
[Black "Rhemmy"]
[Result "1-0"]
[WhiteElo "2340"]
[BlackElo "2481"]
[TimeControl "180+2"]
[EndTime "15:24:36 PDT"]
[Termination "aleccable won by resignation"]

1. e4 e5 2. Nc3 Nf6 3. g3 d5 4. exd5 Nxd5 5. Bg2 Nxc3 6. bxc3 Nc6 7. Nf3 Bc5 8. O-O O-O 9. Re1 Bg4 10. h3 Bh5 11. g4 Bg6 12. Nxe5 Nxe5 13. Rxe5 Bxf2+ 14. Kxf2 Qf6+ 15. Rf5 Bxf5 16. gxf5 Qxf5+ 17. Qf3 Qxc2 18. Qe4 Qxe4 19. Bxe4 c6 20. d4 Rfe8 21. Bf3 Rad8 22. Bf4 Re7 23. Rb1 f6 24. a4 g5 25. Bc1 Kg7 26.
a5 a6 27. Ba3 Red7 28. Bc5 Kg6 29. c4 h5 30. d5 cxd5 31. Bxd5 Rxd5 32. cxd5 Rxd5 33.
Bb6 Rd3 34. Kg2 f5 35. Re1 f4 36. Re8 Rd2+ 37. Kg1 g4 38. Rg8+ Kf5 39. hxg4+ hxg4 40. Bc7 f3 41. Rf8+ Ke4 42. Rf4+ Ke3 43. Rxg4 Rd1+ 44. Kh2 f2 45. Bb6+ Ke2 46. Rg2 Rf1 47. Kg3 Rg1 48.
Bxf2 Rxg2+ 49. Kxg2 Kd3 50. Kf3 Kc4 51. Ke4 Kb5 52. Bb6 Kc6 53. Ke5 Kd7 54. Kd5 Kc8 55. Kd6 Kb8 56. Ke6 Ka8 57. Kd7 Kb8 58. Bd8 Ka8 59. Kc8 Ka7 60. Bc7 Ka8 61. Bd6 Ka7 62. Be5 Ka8 63. Bd4 1-0

[Event "*** Titled Tuesday Blitz"]
[Site "Chess.com"]
[Date "2019.08.06"]
[Round "10"]
[White "Evgeny81"]
[Black "tigra"]
[Result "1-0"]
[WhiteElo "2613"]
[BlackElo "2712"]
[TimeControl "180+2"]
[EndTime "15:24:39 PDT"]
[Termination "Evgeny81 won by resignation"]

1. Nf3 Nf6 2. c4 e6 3. g3 a6 4. Bg2 b5 5. cxb5 axb5 6. Nd4 Ra5 7. O-O c5 8. Nb3 Ra6 9. d4 c4 10. Nc5 Bxc5 11. dxc5 Qc7 12. Bf4 e5 13. Be3 Bb7 14.
Bxb7 Qxb7 15. Nc3 b4 16. Na4 Ng4 17. Nb6 O-O 18. Nxc4 Rg6 19. h3 Nxe3 20. Nxe3 Na6 21.
Qd5 Qb5 22. Nf5 Kh8 23. Qxe5 Qxc5 24. Qxc5 Nxc5 25. Rac1 Ne4 26. Rfd1 Rf6 27. Rd5 g6 28. Nd4 Nxf2 29. Kg2 Ne4 30. Rxd7 Ra8 31. Re7 Nd6 32. e4 Ne8 33. e5 Rfa6 34. Rxf7 Rxa2 35. Rc2 Kg8 36.
Rcf2 Ng7 37. Rb7 Re8 38. Nc6 Nf5 39. g4 Ne3+ 40. Kg3 Re6 41. Ne7+ Kh8 42. Nd5 Ra8 43. Nxe3 Rxe5 44. Rf3 Rae8 45. Nc4 Re1 46. Rxb4 Rg1+ 47. Kh4 Kg7 48. Nd6 Re5 49. Rb7+ Kg8 50. Rb8+ Kg7 51.
Rb7+ Kg8 52. Nf7 Re8 53. Nh6+ Kh8 54. Rff7 1-0